 Dungeon Crawl Stone Soup version 0.29.1-1-gd02db6906a (webtiles) character file.

Game seed: 7392130061524176071

1175 lonewolfV2 the Conjurer (level 8, -4/37 (41) HPs)
             Began as a Tengu Fire Elementalist on Oct 17, 2022.
             Was an Initiate of Vehumet.
             Slain by a wight
             ... wielding a +0 battleaxe
              (6 damage)
             ... on level 6 of the Dungeon.
             The game lasted 00:16:34 (8790 turns).

lonewolfV2 the Conjurer (Tengu Fire Elementalist)   Turns: 8790, Time: 00:16:35

HP:   -4/37 (41)    AC:  3    Str:  8    XL:     8   Next: 41%
MP:   0/24          EV: 16    Int: 19    God:    Vehumet [......]
Gold: 334           SH:  0    Dex: 14    Spells: 8/15 levels left

rFire   . . .      SeeInvis .   l - +2 trident (flame)
rCold   . . .      Faith    .   (no shield)
rNeg    . . .      Spirit   +   a - +1 robe
rPois   +          Reflect  .   (helmet restricted)
rElec   .          Harm     .   s - scarf {shadows}
rCorr   .          Rampage  .   (no gloves)
Will    .....                   (boots unavailable)
Stlth   +++.......              h - amulet of guardian spirit
HPRegen 0.12/turn               i - ring of magical power
MPRegen 0.19/turn               q - ring of poison resistance

@: flying quickly and evasively, drained, quick
A: beak, talons 3, nimble flight
a: Renounce Religion


You were on level 6 of the Dungeon.
You worshipped Vehumet.
Vehumet was noncommittal.
You visited 2 branches of the dungeon, and saw 7 of its levels.

You collected 334 gold pieces.

Inventory:

Hand Weapons
 l - a +2 trident of flaming (weapon)
Armour
 a - a +1 robe (worn)
 s - a scarf of shadows (worn)
Jewellery
 f - a ring of positive energy
 h - an amulet of guardian spirit (around neck)
 i - a ring of magical power (left hand)
 o - a ring of willpower
 q - a ring of poison resistance (right hand)
Scrolls
 p - a scroll of teleportation
Potions
 b - a potion of magic
 c - 2 potions of lignification
 d - 2 potions of degeneration
 e - 3 potions of mutation
 g - 2 potions of attraction
 j - a potion of heal wounds
 k - 2 potions of brilliance
 m - a potion of berserk rage
 n - a potion of might
 r - a potion of haste {unknown}
 t - a potion of flight {unknown}


   Skills:
 + Level 5.2 Dodging
 + Level 5.0 Stealth
 + Level 4.3 Spellcasting
 + Level 5.8 Conjurations
 + Level 5.8 Fire Magic


You had 8 spell levels left.
You knew the following spells:

 Your Spells              Type           Power      Damage    Failure   Level
a - Foxfire               Conj/Fire      100%       2x1d9     1%          1
b - Scorch                Fire           52%        2d8       1%          2
c - Flame Wave            Conj/Fire      26%        2d8       12%         4

Your spell library contained the following spells:

 Spells                   Type           Power      Damage    Failure   Level
 Conjure Flame            Conj/Fire      26%        6-21      3%          3
 Inner Flame              Hex/Fire       15%        N/A       12%         3
 Call Canine Familiar     Summ           4%         N/A       36%         3
 Frozen Ramparts          Ice            8%         1d2       36%         3
 Portal Projectile        Hex/Tloc       8%         N/A       36%         3
 Animate Dead             Necr           4%         N/A       78%         4
 Ice Form                 Ice/Tmut       4%         N/A       78%         4
 Leda's Liquefaction      Hex/Erth       2%         N/A       78%         4
 Summon Ice Beast         Ice/Summ       4%         N/A       78%         4
 Borgnjor's Vile Clutch   Necr/Erth      2%         N/A       98%         5
 Death Channel            Necr           2%         N/A       100%        6
 Summon Cactus Giant      Summ           2%         N/A       100%        6


Dungeon Overview and Level Annotations

Branches:
Dungeon (6/15)             Temple (1/1) D:4

Altars:
Ashenzari
Cheibriados
Hepliaklqana
Kikubaaqudgha
Makhleb
Okawaru
Qazlal
Sif Muna
Trog
Uskayaw
Vehumet
Xom
Zin

Annotations:
D:4 1 runed translucent door, lonewolfV2's ghost, amateur DsFi


Innate Abilities, Weirdness & Mutations

You have a beak for a mouth.
You have claws for feet.
Your magical nature lets you fly swiftly and evasively.


Message History

Casting: Foxfire (safe; 1% risk of failure)
Confirm with . or Enter, or press ? or * to list all spells.
You conjure some foxfire!
Your foxfire dissipates!
The wight hits you with a +0 battleaxe.
A wight comes into view. It is wielding a +0 halberd.
You see here a necrophage corpse.
Your foxfire dissipates! x2
You closely miss the wight. You claw the wight. Your peck misses the wight.
The wight is moderately damaged.
The wight misses you.
You closely miss the wight. You claw the wight, but do no damage.
The wight is moderately damaged.
The wight closely misses you. The wight misses you.
You hit the wight. You burn the wight. You claw the wight, but do no damage.
You peck the wight.
The wight is heavily damaged.
The wight hits you with a +0 battleaxe!
You hit the wight. You burn the wight. You claw the wight, but do no damage.
The wight is severely damaged.
The wight barely misses you. x2
The wight hits you from afar with a +0 halberd!
You feel drained.
* * * LOW HITPOINT WARNING * * *
You closely miss the wight. Your kick misses the wight.
The wight is severely damaged.
The wight misses you. The wight closely misses you.
The wight barely misses you.
Casting: Foxfire (safe; 1% risk of failure)
Confirm with . or Enter, or press ? or * to list all spells.
The spell is quite dangerous to miscast (12% risk of failure)!
Continue anyway?
Casting: Flame Wave (quite dangerous; 12% risk of failure)
Press: ? - help, Dir - look around, f - activate A wave of flame ripples out!
The flame wave engulfs the wight.
The wight is severely damaged. (Press . to intensify the flame waves.)
The wight hits you from afar with a +0 halberd!
* * * LOW HITPOINT WARNING * * *
The wight hits you with a +0 battleaxe.
You die...

#......# *,,,,,,,,*
#......#******,,,,,,,,*
#......##.,,,+....,,,,*
#......##'##**...,,,,,*
#...........*#...,*****
#.....#....§#...#,*
#.....#.....§.*.#,*
#...?.#...##z##.#,*
#.....##....)z@.#,*
**####.###.##..####.## ,,,,,#.#
#..>........# ****o#n#
##.....#####*
,,,,,{J#**#.###.....#
****zOoo,...§.......#############
,,,.g............................
,,z..............................
,..c~~~~~~~~~~~~~~~~~~~~~~~~~~~~~


You could see 2 wights.

Vanquished Creatures
  Eustachio (D:4)
  A water moccasin (D:5)
  An ice beast (D:5)
  3 phantoms
  2 necrophages
  2 scorpions (D:5)
  2 electric eels (D:6)
  2 jellies
  A hound (D:5)
  An iguana (D:4)
  8 adders
  An ufetubus (D:5)
  2 worms
  4 dart slugs
  8 orcs
  12 endoplasms
  3 giant cockroaches
  5 goblins
  4 hobgoblins
  11 jackals
  7 kobolds
  5 quokkas
  9 ball pythons
  8 bats
  3 frilled lizards
  4 rats
110 creatures vanquished.

Vanquished Creatures (others)
  186 foxfires
186 creatures vanquished.

Grand Total: 296 creatures vanquished

Notes
Turn   | Place    | Note
-------+----------+-------------------------------------------
     0 | D:1      | lonewolfV2 the Tengu Fire Elementalist began the quest for
                  | the Orb.
     0 | D:1      | Reached XP level 1. HP: 10/10 MP: 4/4
     1 | D:1      | Found a shimmering blue altar of Sif Muna.
   205 | D:1      | Reached XP level 2. HP: 15/15 MP: 0/6
  1025 | D:1      | Reached XP level 3. HP: 19/19 MP: 4/7
  1036 | D:1      | Learned a level 2 spell: Scorch
  1454 | D:2      | Found a faded altar of an unknown god.
  1899 | D:2      | Reached XP level 4. HP: 24/24 MP: 4/8
  3833 | D:3      | Gained mutation: Your magical nature lets you fly swiftly
                  | and evasively. [Tengu growth]
  3833 | D:3      | Reached XP level 5. HP: 28/28 MP: 9/9
  4706 | D:4      | Found a sand-covered staircase.
  4756 | D:4      | Found a runed translucent door.
  4775 | D:4      | Noticed a phantom
  4788 | D:4      | Killed a phantom
  4789 | D:4      | Reached XP level 6. HP: 21/32 MP: 5/11
  5032 | D:4      | Found a bloodstained altar of Trog.
  5213 | D:4      | Found a glowing silver altar of Zin.
  5234 | D:4      | Found a staircase to the Ecumenical Temple.
  5257 | Temple   | Entered the Ecumenical Temple
  5315 | Temple   | Became a worshipper of Vehumet
  5721 | D:4      | Noticed lonewolfV2's ghost (amateur DsFi)
  5745 | D:5      | Entered Level 5 of the Dungeon
  5747 | D:5      | Noticed Eustachio
  5768 | D:4      | Killed Eustachio
  5769 | D:4      | Reached XP level 7. HP: 16/36 MP: 6/13
  6148 | D:5      | Reached skill level 5 in Fire Magic
  6882 | D:5      | Reached skill level 5 in Conjurations
  7290 | D:5      | Found a shimmering blue altar of Sif Muna.
  7319 | D:5      | Reached XP level 8. HP: 39/41 MP: 15/15
  7480 | D:5      | Reached skill level 5 in Dodging
  7981 | D:6      | Found a stormy altar of Qazlal.
  8392 | D:6      | Reached skill level 5 in Stealth
  8716 | D:6      | Learned a level 4 spell: Flame Wave
  8790 | D:6      | Slain by a wight

Illustrated notes

Levels and vault maps discovered:
D:1:      sevenhm_arrival_forest_fort_small_6, layout_basic
D:2:      minmay_recursive_quarters, layout_loops_ring, basic_ecumenical_altar
D:3:      layout_loops_corners
D:4:      layout_loops_ring, amcnicky_altar_gilded, mainiacjoe_overflow_paths,
          minmay_temple_entry_statues_fountains,
          nicolae_ossuary_entry_false_entrances, ebering_ghost_reflecting_pool,
          grunt_decor_clamped, minmay_close_crescents
D:5:      layout_gridville, mainiacjoe_overflow_concentric_impassable,
          uniq_eustachio
D:6:      minmay_goblin_kobold_castle, layout_basic,
          nicolae_qazlal_scattered_showers, hangedman_decor_diamond_cutter,
          uniq_prince_ribbit1
Temple:   bh_familiar_temple

Skill      XL: |  1  2  3  4  5  6  7  8 |
---------------+-------------------------+-----
Conjurations   | 2 3 4 5 |  5.8
Dodging        | 3 4 5 |  5.2
Stealth        | 3 4 5 |  5.0
Fire Magic     | 4 5 |  5.8
Spellcasting   | 3 4 |  4.3

Action                   |  1- 3 |  4- 6 |  7- 9 || total
-------------------------+-------+-------+-------++-------
Melee: Unarmed           |    17 |    19 |       ||    36
       Kick              |     5 |     9 |     7 ||    21
       Punch             |     1 |       |       ||     1
       Peck              |     3 |     5 |     6 ||    14
       Trident           |       |    24 |    23 ||    47
 Cast: Foxfire           |    52 |    62 |    30 ||   144
       Scorch            |     8 |    44 |    17 ||    69
       Flame Wave        |       |       |     1 ||     1
  Use: Scroll            |       |    12 |     4 ||    16
 Stab: Sleeping          |       |     1 |     1 ||     2
Armor: Robe              |    12 |    12 |     6 ||    30
Dodge: Dodged            |    41 |    66 |    50 ||   157
